 Dungeon Crawl Stone Soup version 0.15.0-16-gce31824 (webtiles) character file.

320566 RobertPalmer the Acrobat (level 22, -5/163 HPs)
             Began as a Human Death Knight on Sept 3, 2014.
             Was a High Priest of Yredelemnul.
             Killed from afar by a frost giant (30 damage)
             ... with a bolt of cold
             ... on Level 2 of the Depths on Sept 5, 2014.
             The game lasted 03:21:11 (56558 turns).

RobertPalmer the Acrobat (Human Death Knight)      Turns: 56558, Time: 03:21:11

HP  -5/163       AC 22     Str 16      XL: 22   Next: 46%
MP  35/35        EV 28     Int 13      God: Yredelemnul [*****.]
Gold 2708        SH  0     Dex 19      Spells:  0 memorised, 21 levels left

rFire  . . .     SeeInvis .     a - +4 glaive (vamp)
rCold  + . .     Clarity  .     u - +1 scale mail {rPois}
rNeg   . . .     rCorr    .     (no shield)
rPois  +         rRot     .     Z - +1 helmet
rElec  .         Spirit   .     Y - +2 cloak of Oblivion {Slay+5}
SustAb .         Warding  .     J - +2 pair of gloves
rMut   .         Stasis   .     m - +0 pair of boots
Gourm  .                        (no amulet)
MR     +....                    y - ring of protection from cold
                                h - +3 ring of evasion

@: somewhat resistant to hostile enchantments, extremely unstealthy
A: no striking features
a: Animate Dead, Recall Undead Slaves, Injury Mirror, Drain Life, Enslave Soul,
Renounce Religion
}: 2/15 runes: decaying, serpentine


You were on level 2 of the Depths.
You worshipped Yredelemnul.
Yredelemnul was extremely pleased with you.
You were not hungry.

You visited 7 branches of the dungeon, and saw 43 of its levels.
You also visited: Bailey, Volcano and Wizlab.

You collected 5240 gold pieces.
You spent 2532 gold pieces at shops.


   Skills:
 - Level 11.2 Fighting
 - Level 18.1 Polearms
 - Level 15.1 Armour
 + Level 21.6 Dodging
 - Level 13.1 Invocations


You had 21 spell levels left.
You didn't know any spells.

Inventory:

Hand weapons
 a - a +4 vampiric glaive (weapon)
 x - a +2 bardiche of electrocution
Missiles
 d - a throwing net (quivered)
Armour
 m - a +0 pair of boots (worn)
 u - a +1 scale mail of poison resistance (worn)
 A - a +3 ring mail of fire resistance
 J - a +2 pair of gloves (worn)
 P - a fire dragon hide
 Y - the +2 cloak of Oblivion (worn) {Slay+5}
   (You acquired it on level 2 of the Vaults)

   It affects your accuracy and damage with ranged weapons and melee attacks
   (+5).
 Z - a +1 helmet (worn)
Magical devices
 n - a wand of cold (3)
 o - a wand of draining (3)
 z - a wand of polymorph (10)
 K - a wand of cold (12)
 O - a wand of heal wounds (5) {!d}
 V - a wand of fire (5)
Comestibles
 b - a slice of pizza
 c - 28 bread rations
 C - 25 meat rations
Scrolls
 f - 15 scrolls of remove curse
 i - 4 scrolls of immolation {!r}
 l - 6 scrolls of teleportation
 p - 3 scrolls of fog
 v - a scroll of blinking
 w - 5 scrolls of magic mapping
 H - 10 scrolls of identify
 I - a scroll of fear
 M - 5 scrolls of recharging
 T - a scroll of silence
Jewellery
 e - an uncursed ring of see invisible
 g - an uncursed amulet of stasis
 h - a +3 ring of evasion (left hand)
 r - an uncursed ring of protection from fire
 y - a ring of protection from cold (right hand)
 E - an uncursed ring of flight
 Q - a cursed ring of teleportation
 S - an uncursed amulet of warding
Potions
 j - a potion of porridge
 k - 2 potions of resistance
 q - 10 potions of curing
 s - 6 potions of restore abilities
 t - 3 potions of haste
 B - 2 potions of cure mutation
 D - 2 potions of berserk rage
 F - 8 potions of agility
 G - 2 potions of lignification {!q}
 L - 3 potions of magic
 N - a potion of mutation {!q}
 U - 3 potions of might
 W - 2 potions of heal wounds
Miscellaneous
 R - a phial of floods (inert)
 X - a phial of floods (inert)

Dungeon Overview and Level Annotations

Branches:
Dungeon (15/15)            Temple (0/1) D:7             Orc (4/4) D:11
    Elf (0/3) Orc:3          Lair (8/8) D:9           Swamp (5/5) Lair:5
  Snake (5/5) Lair:6        Slime (0/6) Lair:6       Vaults (4/5) D:14
  Crypt (0/3) Vaults:3     Depths (2/5) D:15

Altars:
Ashenzari
Cheibriados
Fedhas
Okawaru
Qazlal
Sif Muna
Vehumet
Zin
The Shining One
Beogh
Jiyva

Shops:
D:12 (   Orc:4 (*[*   Snake:1 [   Snake:3 (   Vaults:1 (

Portals:
Hell: Depths:1
Abyss: Depths:1
Ziggurat: Depths:1

Annotations:
Lair:3 exclusion: oklob plant

#≈......##..........
##≈..................
≈≈≈......##.......###
.........D.'.......'.#
#........###.......#.#
#........D.#.......#.#
###.########.#########.#
.........................
#######@################
#.# #D# #C# #C# #G# #J#
#Q#


pQc You could see 2 frost giants, a hell knight, a slime creature, 2 tengu
warriors, a centaur warrior, a golden eye shaped shifter and a friendly bone
dragon.


Message History

The frost giant hits you with a battleaxe of freezing!
* * * LOW HITPOINT WARNING * * *
The frost giant freezes you.
* * * LOW HITPOINT WARNING * * *
Unknown command.
You slash the frost giant!
The frost giant is heavily wounded.
The golden eye blinks at you. You resist.
The golden eye blinks!
You slice the frost giant!!
You feel better.
The frost giant is severely wounded.
The frost giant hits you with a battleaxe of freezing!!
* * * LOW HITPOINT WARNING * * *
The frost giant freezes you.
* * * LOW HITPOINT WARNING * * *
The golden eye blinks at you. You resist.
The frost giant points at you and mumbles some strange words.
The bolt of cold hits the frost giant.
The frost giant resists.
The bolt of cold hits your ettin zombie.
The bolt of cold hits you! You resist.
* * * LOW HITPOINT WARNING * * *
The frost giant hits your ettin zombie with a battleaxe of freezing!!
Your ettin zombie is destroyed!
The golden eye blinks at you.
You are confused.
Drink which item? (? for menu, Esc to quit)
You feel better. The frost giant casts a spell at you.
The bolt of cold hits your bone dragon. The bolt of cold hits you! You resist.
You die...
Your body rises from the dead as a mindless zombie.

Action                   |  1- 3 |  4- 6 |  7- 9 | 10-12 | 13-15 | 16-18 | 19-21 | 22-24 || total
-------------------------+-------+-------+-------+-------+-------+-------+-------+-------++-------
Melee: Spear             |    95 |   381 |   166 |       |       |       |       |       ||   642
       Halberd           |       |       |   351 |   458 |   448 |       |       |       ||  1257
       Bardiche          |       |       |       |       |   191 |       |       |       ||   191
       Glaive            |       |       |       |       |   434 |  1308 |  1039 |   146 ||  2927
 Fire: Blowgun           |       |       |       |       |     4 |       |       |       ||     4
Throw: Tomahawk          |       |       |     2 |       |       |       |       |       ||     2
       Throwing net      |       |       |       |       |     1 |     1 |       |       ||     2
Invok: Animate Remains   |    11 |    20 |       |       |       |       |       |       ||    31
       Animate Dead      |       |     9 |    45 |    48 |   107 |    83 |    66 |    25 ||   383
       Recall Undead Sla |       |     1 |       |    10 |    12 |    14 |    15 |     2 ||    54
       Drain Life        |       |       |       |       |     6 |    12 |     9 |       ||    27
       Injury Mirror     |       |       |       |       |       |     1 |     5 |       ||     6
Evoke: Wand              |       |       |     7 |     3 |     6 |    20 |     8 |     2 ||    46
       Phial of floods   |       |       |       |       |       |     1 |     1 |     2 ||     4
  Use: Scroll            |       |     5 |    15 |    17 |    20 |    21 |    14 |     5 ||    97
       Potion            |       |     1 |     5 |     1 |     7 |    13 |     3 |     2 ||    32
 Stab: Sleeping          |     2 |     1 |       |       |       |       |       |       ||     3
       Distracted        |       |       |     3 |     4 |    16 |    27 |    22 |     8 ||    80
       Paralysed         |       |       |       |       |     1 |       |       |       ||     1
       Held in net/web   |       |       |       |       |       |     2 |       |       ||     2
  Eat: Chunk             |     1 |     9 |    12 |    26 |    40 |    23 |    17 |     4 ||   132
       Pizza             |       |     1 |       |       |     1 |    10 |     1 |       ||    13
       Meat ration       |       |     1 |     1 |       |       |       |       |       ||     2
       Fruit             |       |       |     2 |     1 |     9 |       |     6 |     6 ||    24
       Beef jerky        |       |       |       |       |     4 |     7 |     1 |       ||    12
       Bread ration      |       |       |       |       |     1 |     3 |     3 |       ||     7
       Royal jelly       |       |       |       |       |       |       |       |     1 ||     1

Vault maps used:
D:1:      dpeg_arrival_prison
D:2:      nicolae_overflow_hidden_temple
D:3:      first_bread, minmay_rats_cheesy_pizza
D:4:      fedhas_altar_fruit_tree, cheibriados_altar_wand_db, minitemple,
          nicolae_qazlal_general_emergency
D:5:      feat_on_display
D:6:      erik_ogre, overflow_temple_1_default, grunt_ministairs_10
D:7:      minmay_temple_entry_nine_rooms, lightli_bailey_entry_fortress,
          uniq_eustachio, uniq_joseph
D:9:      lair_0_dummy, hangedman_fish_farm, grunt_decor_mini_mirrors,
          minivault_22, minmay_joined_circles
D:10:     uniq_urug, uniq_josephine, uniq_sonja
D:11:     minmay_orc_entry_guard_dogs
D:12:     serial_shops, nicolae_shop_window_shopping, ashenzari_altar_1
D:13:     serial_column_ruins, column_ruins_hut, column_ruins_square_large,
          column_ruins_open_tiny, column_ruins_grid_1, column_ruins_open_small,
          column_ruins_open_small, column_ruins_columns_straight,
          column_ruins_open_tiny, column_ruins_open_tiny, lemuel_flamethrower_1
D:14:     grunt_vaults_entry_fortified, basic_altar, minmay_misc_feat_tiny
D:15:     grunt_enter_depths_giant_problem, feat_on_display, uniq_frances
Orc:1:    uniq_psyche
Orc:2:    lemuel_ogre_cave, nicolae_volcano_entry_vermiform
Orc:3:    nicolae_orc_pool_cavern, uniq_grum
Orc:4:    grunt_orc_community_town_hall, grunt_orc_community_big_house_1,
          grunt_orc_community_big_house_1, grunt_orc_community_house_1,
          grunt_orc_community_house_2, grunt_orc_community_house_2,
          grunt_orc_community_house_1, grunt_orc_community_house_2,
          mines5_lemuel, uniq_erolcha
Lair:1:   kennysheep_abandoned_house, beast_lair_carwin_11
Lair:2:   beast_lair_carwin_2, grunt_megastairs_1, uniq_nergalle
Lair:3:   lemuel_oklob_altar, grunt_megastairs_4
Lair:4:   beast_lair_carwin_large_3, lemuel_fruit_fields,
          infiniplex_staircase_pool_2
Lair:5:   swamp_mist_pool
Lair:6:   guppyfry_snake_entry_island, dpeg_slime_entry_enclosed_altar,
          uniq_rupert
Lair:7:   uniq_erica
Lair:8:   due_jungle_book, grunt_megastairs_2, serial_bayou_shore_b
Swamp:1:  evilmike_swamp_ruin_rubble_1
Swamp:2:  evilmike_swamp_ruin_house_2
Swamp:3:  hangedman_swamp_cone, swamp_pool1, nicolae_swamp_spriggan_camp
Swamp:4:  nicolae_swamp_fairy_circle
Swamp:5:  swamp, swamp_pool4, nicolae_swamp_necromancer_hut, uniq_wiglaf,
          uniq_agnes
Snake:1:  serial_shops, shop_statue, serial_corexii_hall,
          corexii_hall_statues_l, corexii_hall_statues_l, lemuel_fruit_tree,
          grunt_megastairs_3, uniq_asterion, uniq_nessos
Snake:2:  nicolae_snake_salamander_stairs
Snake:3:  dpeg_oklob_gauntlet, serial_shops, shop, basic_loot_grate_trap,
          serial_bayou_shore_a
Snake:4:  basic_altar, grunt_ministairs_7
Snake:5:  minmay_snake_end_coiled
Vaults:1: ontoclasm_vaults_chip, ontoclasm_vaults_chip,
          vaults_standard_mumra_enter_the_diamond, nicolae_vaults_circle_grid_a,
          v_misc_8, vaults_room_corners, hangedman_vaults_stretched_pinwheel,
          nicolae_vaults_meeting, vaults_mumra_lcd, v_misc_24,
          vaults_dpeg_doors, ontoclasm_vaults_tryst, vaults_room_semicircle,
          v_pattern_4, ontoclasm_vaults_shuriken, serial_shops, shop,
          uniq_saint_roka
Vaults:2: hangedman_vaults_stream, vaults_room_door_hall, v_alt_pattern_1,
          vaults_room_grid, v_misc_4, nicolae_vaults_sealed_display
Vaults:3: nicolae_vaults_diagonal_hallway_7, v_pattern_1,
          minmay_crypt_entry_nasty_monster, dpeg_vaults_monster_row,
          nicolae_vaults_c_with_doors, v_rooms_2, nicolae_vaults_three_branches,
          v_misc_24, ontoclasm_vaults_misaligned, grunt_vaults_hallway_long,
          nicolae_vaults_alarming, basic_altar, mu_enter_wizlab_5
Vaults:4: v_misc_25, nicolae_vaults_windows_and_doors_thing, v_misc_28,
          nicolae_vaults_little_squares_1, ontoclasm_vaults_twist, v_misc_25,
          hangedman_vaults_pinch, nicolae_vaults_little_ls,
          vaults_mumra_chevron, vaults_room_stairs_pillars,
          vaults_mumra_minichess, v_alt_pattern_3, v_alt_pattern_2,
          grunt_vaults_diagonal, hangedman_vaults_maws
Depths:1: enter_ziggurat_e, roderic_hopi_sauvastika, hell_entry, abyss_entry,
          lemuel_old_faithful
Depths:2: evilmike_hourglass, hangedman_coc_ice_floe, lemuel_crystal_altar,
          minmay_misc_feat_plants, lightli_minifort
Bailey:   bailey_axe_2, bailey
Volcano:  volcano_caves
WizLab:   wizlab_demon

Notes
Turn   | Place    | Note
--------------------------------------------------------------
     0 | D:1      | RobertPalmer, the Human Death Knight, began the quest for the Orb.
     0 | D:1      | Reached XP level 1. HP: 16/16 MP: 2/2
   127 | D:1      | Reached XP level 2. HP: 20/22 MP: 3/3
   191 | D:1      | Reached skill level 3 in Polearms
   294 | D:1      | Reached XP level 3. HP: 23/27 MP: 5/5
  1123 | D:1      | Reached skill level 4 in Polearms
  1123 | D:1      | Reached XP level 4. HP: 24/33 MP: 6/6
  1309 | D:2      | Acquired Yredelemnul's second power
  2275 | D:2      | Found a radiant altar of Vehumet.
  2298 | D:2      | Reached XP level 5. HP: 35/38 MP: 8/8
  2848 | D:3      | Reached skill level 5 in Polearms
  2876 | D:3      | Noticed a centaur
  2941 | D:3      | Killed a centaur
  3330 | D:3      | Reached XP level 6. HP: 41/44 MP: 9/9
  4191 | D:3      | Reached skill level 6 in Polearms
  4263 | D:3      | Acquired Yredelemnul's third power
  5166 | D:4      | Reached skill level 2 in Dodging
  5166 | D:4      | Reached XP level 7. HP: 36/50 MP: 9/11
  5181 | D:4      | Reached skill level 3 in Dodging
  5267 | D:4      | Found a stormy altar of Qazlal.
  5363 | D:4      | Found a snail-covered altar of Cheibriados.
  5518 | D:4      | Found a blossoming altar of Fedhas.
  5548 | D:4      | Found an iron altar of Okawaru.
  5554 | D:4      | Found a deep blue altar of Sif Muna.
  5610 | D:5      | Entered Level 5 of the Dungeon
  6095 | D:5      | Reached skill level 4 in Dodging
  6463 | D:5      | Acquired Yredelemnul's fourth power
  6463 | D:5      | Reached skill level 7 in Polearms
  6463 | D:5      | Reached XP level 8. HP: 40/56 MP: 12/12
  6975 | D:6      | Found a glowing silver altar of Zin.
  6984 | D:6      | Reached skill level 8 in Polearms
  7833 | D:7      | Reached skill level 9 in Polearms
  7876 | D:7      | Received a gift from Yredelemnul
  7884 | D:7      | Found a flagged portal.
  8024 | Bailey   | Entered a bailey
  8100 | Bailey   | Reached XP level 9. HP: 52/61 MP: 12/14
  8129 | Bailey   | Received a gift from Yredelemnul
  8143 | Bailey   | HP: 6/61 [gnoll/halberd of electrocution (17)]
  8503 | Bailey   | Noticed an orc knight
  8738 | D:7      | Received a gift from Yredelemnul
  8788 | D:7      | Reached skill level 10 in Polearms
  9010 | D:7      | Received a gift from Yredelemnul
  9026 | D:7      | Noticed Joseph
  9036 | D:7      | Killed Joseph
  9036 | D:7      | Reached skill level 11 in Polearms
  9197 | D:7      | Noticed Eustachio
  9203 | D:7      | Killed Eustachio
  9208 | D:7      | Got a fine ring mail
  9209 | D:7      | Identified the +4 ring mail of Slovenliness {SInv} (You found it on level 7 of the Dungeon)
  9396 | D:7      | Found a staircase to the Ecumenical Temple.
  9582 | D:8      | Acquired Yredelemnul's fifth power
  9582 | D:8      | Received a gift from Yredelemnul
  9589 | D:8      | Reached skill level 12 in Polearms
  9779 | D:8      | Reached XP level 10. HP: 62/67 MP: 15/15
  9993 | D:8      | Received a gift from Yredelemnul
 10287 | D:8      | Reached skill level 13 in Polearms
 11166 | D:9      | Received a gift from Yredelemnul
 11629 | D:9      | Found a staircase to the Lair.
 11636 | D:9      | Upgraded the game from 0.15.0-13-gb296d5c to 0.15.0-14-g6bbbb5c
 11638 | Lair:1   | Entered Level 1 of the Lair of Beasts
 11657 | Lair:1   | Received a gift from Yredelemnul
 11715 | Lair:1   | Identified 4 potions of resistance
 11784 | Lair:1   | Reached skill level 5 in Dodging
 12425 | Lair:1   | Reached skill level 6 in Dodging
 12427 | Lair:1   | Received a gift from Yredelemnul
 12480 | Lair:1   | Reached XP level 11. HP: 59/72 MP: 14/17
 12634 | Lair:1   | Reached skill level 7 in Dodging
 12654 | Lair:2   | Noticed an eight-headed hydra
 12658 | Lair:2   | Killed an eight-headed hydra
 12677 | Lair:2   | Reached skill level 8 in Dodging
 12691 | Lair:2   | Noticed Nergalle
 12723 | Lair:2   | Killed Nergalle
 12723 | Lair:2   | Reached skill level 9 in Dodging
 13337 | Lair:2   | Reached skill level 10 in Dodging
 13669 | Lair:3   | Noticed an oklob plant
 13672 | Lair:3   | Found a glowing golden altar of the Shining One.
 14047 | Lair:3   | Received a gift from Yredelemnul
 14377 | Lair:3   | Reached skill level 11 in Dodging
 14566 | Lair:4   | Reached XP level 12. HP: 78/78 MP: 18/18
 14607 | Lair:4   | Reached skill level 12 in Dodging
 15094 | Lair:4   | Received a gift from Yredelemnul
 15458 | Lair:4   | Reached skill level 13 in Dodging
 15809 | Lair:5   | Found a staircase to the Swamp.
 16069 | Lair:5   | Noticed a four-headed hydra
 16076 | Lair:5   | Killed a four-headed hydra
 16077 | Lair:5   | Received a gift from Yredelemnul
 16460 | Lair:6   | Noticed a five-headed hydra
 16468 | Lair:6   | Killed a seven-headed hydra
 16468 | Lair:6   | Reached skill level 14 in Dodging
 16482 | Lair:6   | Identified a scroll of acquirement
 16637 | Lair:6   | Reached XP level 13. HP: 53/84 MP: 19/19
 16663 | Lair:6   | Noticed Rupert
 16682 | Lair:6   | Killed Rupert
 16933 | Lair:6   | Found a staircase to the Snake Pit.
 16941 | Lair:6   | Received a gift from Yredelemnul
 16958 | Lair:6   | Reached skill level 15 in Dodging
 17055 | Lair:6   | Found a viscous altar of Jiyva.
 17055 | Lair:6   | Found a staircase to the Slime Pits.
 17096 | Lair:6   | Reached skill level 4 in Invocations
 17377 | Lair:7   | Noticed Erica
 17383 | Lair:7   | Killed Erica
 17383 | Lair:7   | Reached skill level 5 in Invocations
 17384 | Lair:7   | Received a gift from Yredelemnul
 17588 | Lair:7   | Reached skill level 6 in Invocations
 17777 | Lair:7   | Reached skill level 7 in Invocations
 17975 | Lair:8   | Entered Level 8 of the Lair of Beasts
 18154 | Lair:8   | Reached skill level 8 in Invocations
 18697 | Lair:8   | Reached skill level 9 in Invocations
 18702 | Lair:8   | Noticed a dire elephant
 18708 | Lair:8   | Killed a dire elephant
 19063 | Lair:8   | Noticed a dire elephant
 19063 | Lair:8   | Noticed a dire elephant
 19074 | Lair:8   | Killed a dire elephant
 19082 | Lair:8   | Killed a dire elephant
 19082 | Lair:8   | Received a gift from Yredelemnul
 19181 | Lair:8   | Noticed a dire elephant
 19185 | Lair:8   | Killed a dire elephant
 19499 | D:10     | Entered Level 10 of the Dungeon
 19591 | D:10     | Noticed Josephine
 19598 | D:10     | Reached skill level 14 in Polearms
 19602 | D:10     | Noticed Urug
 19607 | D:10     | Killed Josephine
 19607 | D:10     | Reached XP level 14. HP: 45/90 MP: 27/27
 19622 | D:10     | Your ally Josephine died
 19652 | D:10     | Killed Urug
 20303 | D:10     | Your ally Urug died
 20518 | D:10     | Noticed Sonja
 20545 | D:10     | Paralysed by Sonja for 2 turns
 20591 | D:10     | Killed Sonja
 20857 | D:11     | Found a staircase to the Orcish Mines.
 21070 | D:11     | Received a gift from Yredelemnul
 21771 | D:11     | Reached skill level 15 in Polearms
 22723 | Orc:1    | Entered Level 1 of the Orcish Mines
 23186 | Orc:1    | Received a gift from Yredelemnul
 23367 | Orc:2    | Found a dark tunnel.
 23378 | Volcano  | Entered a volcano
 23684 | Orc:2    | Received a gift from Yredelemnul
 24073 | Orc:1    | Noticed Psyche
 24076 | Orc:1    | Killed Psyche
 24503 | Orc:3    | Received a gift from Yredelemnul
 24555 | Orc:3    | Reached skill level 16 in Polearms
 24685 | Orc:3    | Noticed Grum
 24690 | Orc:3    | Killed Grum
 24857 | Orc:3    | Found a staircase to the Elven Halls.
 24904 | Orc:4    | Entered Level 4 of the Orcish Mines
 25059 | Orc:4    | Found a roughly hewn altar of Beogh.
 25135 | Orc:4    | Found a roughly hewn altar of Beogh.
 25296 | Orc:4    | Found a roughly hewn altar of Beogh.
 25296 | Orc:4    | Found Qezanifa's Assorted Antiques.
 25301 | Orc:4    | Received a gift from Yredelemnul
 25344 | Orc:4    | Bought a diamond ring for 165 gold pieces
 25344 | Orc:4    | Bought a scroll of enchant weapon for 247 gold pieces
 25410 | Orc:4    | Received a gift from Yredelemnul
 25470 | Orc:4    | Found a roughly hewn altar of Beogh.
 25470 | Orc:4    | Found Qununur's General Store.
 25489 | Orc:4    | Bought a scroll of enchant weapon for 105 gold pieces
 25565 | Orc:4    | Found a roughly hewn altar of Beogh.
 25624 | Orc:4    | Found a roughly hewn altar of Beogh.
 25720 | Orc:4    | Received a gift from Yredelemnul
 25734 | Orc:4    | Noticed Saint Roka
 25737 | Orc:4    | Reached skill level 3 in Fighting
 25742 | Orc:4    | Received a gift from Yredelemnul
 25746 | Orc:4    | Killed Saint Roka
 25746 | Orc:4    | Reached skill level 5 in Fighting
 25749 | Orc:4    | Found Jufa's Antique Weapon Shop.
 25749 | Orc:4    | Found a roughly hewn altar of Beogh.
 25752 | Orc:4    | Found Balamek's Antique Armour Boutique.
 25938 | Orc:4    | Bought a faintly glowing ice dragon armour for 2015 gold pieces
 25949 | Orc:4    | Identified the cursed -4 ice dragon armour of Cotuec {rPois rF- rC++ Dex+3 Int-5} (You bought it in a shop on level 4 of the Orcish Mines)
 26550 | Lair:3   | Killed an oklob plant
 26620 | Swamp:1  | Entered Level 1 of the Swamp
 26636 | Swamp:1  | Reached XP level 15. HP: 101/105 MP: 24/28
 26648 | Swamp:1  | Reached skill level 6 in Fighting
 27163 | Swamp:1  | Reached skill level 7 in Fighting
 27707 | Swamp:1  | Reached skill level 8 in Fighting
 27966 | Swamp:2  | Reached skill level 2 in Armour
 28218 | Swamp:2  | Reached skill level 3 in Armour
 28273 | Swamp:2  | Received a gift from Yredelemnul
 28461 | Swamp:3  | Noticed a thorn hunter
 28468 | Swamp:3  | Killed a thorn hunter
 28468 | Swamp:3  | Reached skill level 4 in Armour
 28569 | Swamp:3  | Reached skill level 5 in Armour
 29058 | Swamp:3  | Reached skill level 6 in Armour
 29583 | Swamp:4  | Received a gift from Yredelemnul
 29714 | Swamp:4  | Reached skill level 7 in Armour
 30143 | Swamp:4  | Reached skill level 8 in Armour
 30205 | Swamp:5  | Entered Level 5 of the Swamp
 30264 | Swamp:5  | Noticed Wiglaf
 30278 | Swamp:5  | Killed Wiglaf
 30424 | Swamp:5  | Reached skill level 9 in Armour
 30426 | Swamp:5  | Reached XP level 16. HP: 99/117 MP: 23/29
 30440 | Swamp:5  | Received a gift from Yredelemnul
 30450 | Swamp:5  | Reached skill level 10 in Armour
 30452 | Swamp:5  | Noticed the 27-headed Lernaean hydra
 30468 | Swamp:5  | Killed the 27-headed Lernaean hydra
 30474 | Swamp:5  | Received a gift from Yredelemnul
 30494 | Swamp:5  | Got a decaying rune of Zot
 30571 | Swamp:5  | Noticed a thorn hunter
 30574 | Swamp:5  | Noticed Agnes
 30581 | Swamp:5  | Killed a thorn hunter
 30587 | Swamp:5  | Killed Agnes
 30895 | Swamp:5  | Reached skill level 11 in Armour
 31046 | Swamp:5  | Noticed a thorn hunter
 31563 | Swamp:2  | Received a gift from Yredelemnul
 32215 | D:12     | Found Cleevyg's Weapon Boutique.
 32307 | D:12     | Found a shattered altar of Ashenzari.
 32451 | D:12     | Received a gift from Yredelemnul
 32848 | D:13     | Reached skill level 12 in Armour
 33486 | D:13     | Received a gift from Yredelemnul
 33913 | D:14     | Reached skill level 13 in Armour
 33968 | D:14     | Got an ancient brass ring
 33989 | D:14     | Identified the ring of Bleiffea {Fire Str+4 Int+4} (You found it on level 14 of the Dungeon)
 34069 | D:14     | Received a gift from Yredelemnul
 34255 | D:14     | Found an iron altar of Okawaru.
 34353 | D:14     | Found a gate to the Vaults.
 34374 | Vaults:1 | Entered Level 1 of the Vaults
 34421 | Vaults:1 | Reached XP level 17. HP: 103/122 MP: 18/29
 34431 | Vaults:1 | Received a gift from Yredelemnul
 34431 | Vaults:1 | Reached skill level 14 in Armour
 34992 | Vaults:1 | Reached skill level 10 in Invocations
 35019 | Vaults:1 | HP: 1/122 [deep troll[an ironheart preserver] (17)]
 35476 | Vaults:1 | Received a gift from Yredelemnul
 35760 | Vaults:1 | Found Plor's Antique Weapon Emporium.
 35922 | Vaults:1 | Received a gift from Yredelemnul
 35944 | Vaults:1 | Reached skill level 11 in Invocations
 36179 | Vaults:1 | Received a gift from Yredelemnul
 36345 | Vaults:1 | Noticed a Hell Sentinel
 37063 | D:15     | Entered Level 15 of the Dungeon
 37156 | D:15     | Reached skill level 12 in Invocations
 37303 | D:15     | Found a staircase to the Depths.
 37830 | D:15     | Reached skill level 13 in Invocations
 38069 | D:15     | Noticed Frances
 38087 | D:15     | Killed Frances
 38620 | Vaults:2 | Got a brightly glowing cloak
 38631 | Vaults:2 | Identified the +2 cloak of Oblivion {Slay+5} (You acquired it on level 2 of the Vaults)
 38787 | Vaults:2 | Reached skill level 9 in Fighting
 38802 | Vaults:2 | HP: 6/125 [white ugly thing (31)]
 39156 | Vaults:1 | Reached XP level 18. HP: 130/132 MP: 33/33
 39159 | Vaults:1 | Received a gift from Yredelemnul
 39403 | Vaults:2 | Received a gift from Yredelemnul
 39564 | Vaults:2 | Reached skill level 10 in Fighting
 39999 | Vaults:2 | Received a gift from Yredelemnul
 40416 | Vaults:3 | Found a magical portal.
 40428 | WizLab   | Entered The Hall of Rausiyr the Hellbinder
 41122 | WizLab   | Reached skill level 11 in Fighting
 42773 | WizLab   | Noticed Rausiyr
 42815 | WizLab   | Killed Rausiyr the Hellbinder
 42819 | WizLab   | Found a burning altar of Makhleb.
 42876 | WizLab   | Identified the Reference Book on Spatial Companions
 43480 | Vaults:3 | Received a gift from Yredelemnul
 43699 | Vaults:3 | Paralysed by a wizard for 3 turns
 43823 | Vaults:3 | Noticed a lich
 43852 | Vaults:3 | Received a gift from Yredelemnul
 43855 | Vaults:3 | Reached skill level 16 in Dodging
 43862 | Vaults:3 | Killed a lich
 44034 | Vaults:3 | Reached skill level 17 in Polearms
 44035 | Vaults:3 | Found a staircase to the Crypt.
 44611 | Vaults:3 | Found a glowing silver altar of Zin.
 44813 | Vaults:3 | Reached XP level 19. HP: 144/144 MP: 33/33
 44882 | Vaults:3 | Received a gift from Yredelemnul
 45637 | Vaults:4 | Received a gift from Yredelemnul
 46163 | Vaults:4 | Reached skill level 17 in Dodging
 46573 | Vaults:4 | Reached skill level 18 in Polearms
 48105 | Vaults:4 | Reached skill level 18 in Dodging
 48549 | Vaults:1 | Upgraded the game from 0.15.0-14-g6bbbb5c to 0.15.0-16-gce31824
 49386 | Snake:1  | Entered Level 1 of the Snake Pit
 49394 | Snake:1  | Reached XP level 20. HP: 136/151 MP: 32/34
 49583 | Snake:1  | Found Smestr Hoqai's Antique Armour Shoppe.
 49590 | Snake:1  | Noticed Nessos
 49612 | Snake:1  | Killed Nessos
 49860 | Snake:1  | Received a gift from Yredelemnul
 49958 | Snake:1  | Noticed Asterion
 49960 | Snake:1  | Identified a potion of experience
 49961 | Snake:1  | Reached skill level 15 in Armour
 49961 | Snake:1  | Reached XP level 21. HP: 156/156 MP: 35/35
 49970 | Snake:1  | Killed Asterion
 51835 | Snake:3  | Reached skill level 19 in Dodging
 52132 | Snake:3  | Found Tratz's Weapon Emporium.
 52832 | Snake:4  | Received a gift from Yredelemnul
 53460 | Snake:4  | Received a gift from Yredelemnul
 53751 | Snake:4  | Reached skill level 20 in Dodging
 53850 | Snake:4  | Found a glowing golden altar of the Shining One.
 54108 | Snake:5  | Entered Level 5 of the Snake Pit
 54466 | Snake:5  | Reached XP level 22. HP: 62/163 MP: 35/35
 54487 | Snake:5  | Got a serpentine rune of Zot
 54682 | Snake:5  | Received a gift from Yredelemnul
 55486 | Depths:1 | Entered Level 1 of the Depths
 55513 | Depths:1 | Reached skill level 21 in Dodging
 55886 | Depths:1 | Found a gateway to a ziggurat.
 55887 | Depths:1 | Identified a wand of heal wounds {zapped: 1} (You found it on level 5 of the Snake Pit)
 55909 | Depths:1 | Found a one-way gate to the infinite horrors of the Abyss.
 56003 | Depths:1 | Found a gateway to Hell.
 56229 | Depths:1 | Received a gift from Yredelemnul
 56431 | Depths:2 | Found a deep blue altar of Sif Muna.
 56556 | Depths:2 | HP: 15/163 [frost giant/bolt of cold (14)]
 56558 | Depths:2 | Killed from afar by a frost giant

Vanquished Creatures
  A Hellbinder (WizLab)
  Asterion (Snake:1)
  Rupert (Lair:6)
  A shadow dragon (Vaults:3)
  3 ogre magi
  2 greater nagas (Snake:3)
  2 balrugs (WizLab)
  A fire giant (D:15)
  5 vault wardens
  4 stone giants
  A reaper (WizLab)
  4 very ugly things
  2 deep elf demonologists
  A dire elephant (Lair:8)
  3 ettins
  A green death (WizLab)
  2 fire dragons (Vaults:4)
  3 vault guards
  7 yaktaur captains
  Josephine (D:10)
  6 ironheart preservers
  A great orb of eyes (Vaults:2)
  8 naga warriors
  6 centaur warriors
  4 hydras
  An alligator (Swamp:4)
  9 anacondas
  A tengu warrior (D:15)
  An orc high priest (Orc:4)
  3 sun demons (WizLab)
  A shock serpent (Snake:3)
  Urug (D:10)
  5 naga sharpshooters
  3 soul eaters (WizLab)
  4 spriggans
  A shadow wraith (Vaults:4)
  2 salamander mystics (Snake:4)
  A fire crab (Vaults:3)
  A skeletal warrior (D:14)
  An orb spider (shapeshifter) (Vaults:4)
  2 unseen horrors (D:14)
  3 ice devils (WizLab)
  A deep elf knight (Vaults:1)
  A wizard (Vaults:1)
  A lindwurm (Orc:2)
  A flayed ghost (Vaults:4)
  2 naga ritualists (Snake:4)
  4 hill giants
  A spriggan druid (Swamp:3)
  2 sea snakes (Snake:3)
  3 ironbrand convokers
  A harpy (shapeshifter) (Vaults:1)
  3 red wasps
  2 swamp dragons
  4 mana vipers
  7 deep trolls (Vaults:4)
  5 harpies (Vaults:4)
  A griffon (D:14)
  An oklob plant (Snake:3)
  4 cyclopes
  An orc knight (Vaults:4)
  A necromancer (Vaults:4)
  18 ugly things
  9 salamanders
  A hell beast (WizLab)
  A draconian (shapeshifter) (Vaults:1)
  A manticore (D:15)
  3 naga magi
  A black mamba (shapeshifter) (D:14)
  A centaur zombie (D:10)
  A toenail golem (Volcano)
  2 guardian serpents
  6 vault sentinels (Vaults:4)
  9 elephants
  2 iron devils
  3 gargoyles
  11 yaktaurs
  6 komodo dragons
  An orange demon (WizLab)
  21 black mambas
  7 spiny frogs
  An efreet (Volcano)
  2 kobold demonologists
  A red devil (WizLab)
  3 trolls
  4 blink frogs
  4 freezing wraiths
  Sonja (D:10)
  A deep elf priest (Vaults:4)
  A jumping spider (shapeshifter) (Vaults:2)
  3 bog bodies
  8 slime creatures
  A fire vortex (Volcano)
  2 boulder beetles
  7 two-headed ogres
  7 ravens
  A basilisk (D:12)
  27 yaks
  4 deep elf magi
  A wyvern (D:10)
  A fire elemental (Volcano)
  A hungry ghost (D:11)
  Eustachio (D:7)
  5 deep elf fighters
  A steam dragon (D:10)
  7 hippogriffs
  4 wargs
  10 vampire mosquitoes
  A soldier ant (D:10)
  8 swamp worms
  4 wolves
  33 nagas
  2 mottled dragons
  2 yellow wasps
  A red wasp simulacrum (Vaults:1)
  13 orc warriors
  12 water moccasins
  5 black bears
  24 ogres
  A phantom (D:4)
  A swamp drake (Swamp:1)
  3 porcupines
  3 sky beasts
  An ice beast (D:10)
  A necrophage (D:14)
  4 crocodiles
  A boring beetle (Lair:8)
  8 centaurs
  16 giant frogs
  A big kobold (D:10)
  An insubstantial wisp (Swamp:1)
  5 scorpions
  8 wights
  An eye of draining (D:15)
  9 killer bees
  A goliath beetle (D:8)
  2 crimson imps
  2 quasits
  A basilisk zombie (D:11)
  4 jellies
  A centaur skeleton (D:10)
  A giant frog zombie (D:11)
  2 gnoll shamans
  An iron imp (WizLab)
  5 human skeletons (Vaults:3)
  2 spectral orcs (Lair:2)
  A two-headed ogre skeleton (D:6)
  8 hounds
  12 orc wizards
  6 iguanas
  A black bear skeleton (D:10)
  14 orc priests
  8 worker ants
  4 sheep
  5 mummies
  18 adders
  A swamp drake zombie (Swamp:5)
  20 gnolls
  9 green rats
  An orc skeleton (D:12)
  2 shadow imps
  A goliath beetle zombie (D:5)
  3 worms
  An adder zombie (D:10)
  An adder skeleton (D:6)
  An iguana skeleton (D:11)
  3 giant geckos
  77 orcs
  13 bats
  A bat skeleton (D:4)
  10 giant cockroaches
  26 hobgoblins
  12 jackals
  24 kobolds
  A ball python (D:1)
  2 giant newts
  A gnoll skeleton (D:5)
  18 goblins
  A goblin zombie (D:7)
  A hobgoblin skeleton (D:6)
  2 kobold skeletons
  2 orc zombies
  10 quokkas
  A quokka skeleton (D:3)
  57 rats
  A rat zombie (D:7)
  A ballistomycete (D:11)
  A fungus (Lair:6)
  2 plants (Lair:8)
945 creatures vanquished.

Vanquished Creatures (collateral kills)
  Saint Roka (Orc:4)
  the Lernaean hydra (Swamp:5)
  5 frost giants (Depths:1)
  A lich (Vaults:3)
  A sphinx (Depths:1)
  Agnes (Swamp:5)
  Frances (D:15)
  2 tengu reavers (Vaults:4)
  2 thorn hunters
  4 greater nagas (Snake:5)
  A vault warden (Vaults:1)
  Wiglaf (Swamp:5)
  2 fire giants
  2 deep elf sorcerers
  5 stone giants
  11 very ugly things
  A deep elf annihilator (Vaults:2)
  3 dire elephants (Lair:8)
  3 yaktaur captains
  2 deep elf death magi
  3 ettins (Depths:1)
  5 fire dragons
  9 vault guards
  9 ironheart preservers
  3 rakshasas
  24 hydras
  10 naga warriors
  2 ice dragons (Depths:1)
  Nessos (Snake:1)
  6 anacondas
  Erica (Lair:7)
  3 centaur warriors
  2 shambling mangroves (Swamp:5)
  13 alligators
  7 ogre magi
  3 deep troll earth magi
  2 tengu warriors
  3 death yaks (Lair:7)
  6 deep troll shamans
  6 naga sharpshooters
  6 spriggans
  Nergalle (Lair:2)
  3 shock serpents
  An iron troll (Depths:1)
  6 deep elf knights
  3 skeletal warriors (D:14)
  2 salamander mystics
  A spriggan druid (Swamp:5)
  A wizard (Vaults:3)
  2 sea snakes (Snake:3)
  25 deep trolls
  A fire crab (Vaults:3)
  A deep elf summoner (Vaults:4)
  7 naga ritualists
  4 orc knights
  2 giant orange brains
  6 ironbrand convokers
  4 hill giants
  10 swamp dragons
  A deep elf conjurer (Vaults:4)
  3 unseen horrors
  A shadow dragon zombie (Vaults:4)
  A necromancer (Swamp:5)
  2 orc sorcerers
  5 mana vipers
  A sphinx zombie (Vaults:4)
  4 griffons
  A phantasmal warrior (Vaults:4)
  A red wasp (Swamp:1)
  3 cyclopes
  A fire giant zombie (Vaults:4)
  A manticore (D:11)
  A wolf spider (Vaults:3)
  8 salamanders
  4 oklob plants
  10 elephants
  A centaur zombie (D:11)
  A sixfirhy (Orc:4)
  Joseph (D:7)
  39 ugly things
  15 spiny frogs
  2 guardian serpents
  20 black mambas
  An iron devil (D:14)
  A centaur skeleton (D:14)
  17 naga magi
  A kobold demonologist (D:14)
  5 vault sentinels
  Psyche (Orc:1)
  A gargoyle (D:14)
  7 yaktaurs
  A swamp worm zombie (Swamp:5)
  A yaktaur skeleton (Vaults:4)
  5 komodo dragons
  2 fire drakes
  A tengu conjurer (D:13)
  A merfolk (D:9)
  A troll (Orc:3)
  15 slime creatures
  5 deep elf priests
  6 two-headed ogres
  2 polar bears
  A blue devil (Orc:4)
  5 freezing wraiths
  A boulder beetle (Lair:8)
  2 baby alligators (Swamp:4)
  10 ravens
  A deep elf mage (D:12)
  A basilisk (Lair:8)
  10 bog bodies
  6 giant leeches
  13 blink frogs
  5 shadows
  A redback (Vaults:4)
  2 humans (D:14)
  38 yaks
  A tarantella (Vaults:4)
  Grum (Orc:3)
  6 hippogriffs
  An elf zombie (Vaults:4)
  A wyvern (D:10)
  6 deep elf fighters
  23 vampire mosquitoes
  38 nagas
  9 wolves
  11 wargs
  25 swamp worms
  22 water moccasins
  A yaktaur simulacrum (Vaults:3)
  2 mottled dragons
  22 orc warriors
  2 porcupines
  13 swamp drakes
  3 boggarts (Depths:1)
  19 ogres
  2 black bears
  4 yellow wasps
  An ice beast (D:7)
  A swamp dragon zombie (Swamp:5)
  A boring beetle (shapeshifter) (Vaults:4)
  3 boring beetles
  A centaur (D:9)
  3 crocodiles
  9 giant frogs
  2 cyclops zombies
  3 jellies
  13 insubstantial wisps
  3 scorpions
  A troll zombie (D:10)
  A tengu skeleton (D:13)
  12 killer bees
  7 wights
  2 crimson imps (D:14)
  A yellow wasp zombie (D:13)
  11 orc priests
  6 hounds
  6 iguanas
  20 orc wizards
  2 worker ants (D:9)
  7 human skeletons (Vaults:3)
  2 orange rats (Lair:1)
  7 sheep
  A big kobold skeleton (D:7)
  5 gnolls
  11 adders
  14 green rats
  A shadow imp (D:14)
  A worm (D:2)
  98 orcs
  A bat (D:4)
  A giant cockroach (D:6)
  4 goblins
  6 hobgoblins
  4 jackals
  3 kobolds
  An orc zombie (D:10)
  5 quokkas
  6 rats
  8 spectral orcs (Lair:2)
  A ballistomycete (D:11)
  A butterfly (Lair:4)
  5 fungi
  5 plants
1070 creatures vanquished.

Vanquished Creatures (others)
  3 profane servitors
  4 bone dragons
  4 ghouls
  A very ugly thing (Depths:1)
  3 very ugly thing zombies (Depths:1)
  A blizzard demon (WizLab)
  4 death cobs
  3 skeletal warriors
  3 anaconda zombies
  A hill giant (Depths:1)
  7 flayed ghosts
  3 tengu zombies
  A sphinx zombie (Depths:1)
  4 ugly thing zombies
  A wolf spider zombie (Vaults:3)
  3 stone giant zombies (Depths:1)
  2 ugly things (Depths:1)
  3 phantasmal warriors
  A dire elephant zombie (Lair:8)
  5 centaur zombies
  2 yaktaurs (Depths:1)
  A raven (Swamp:5)
  3 swamp worm zombies (Swamp:2)
  3 sea snake zombies (Snake:3)
  2 ghoul skeletons
  An iron troll zombie (Depths:1)
  2 ice dragon zombies (Depths:1)
  4 hydra zombies
  2 harpy zombies (Vaults:4)
  A red wasp zombie (Swamp:1)
  A guardian serpent zombie (Snake:4)
  2 fire dragon zombies (Vaults:4)
  A deep elf mage (Depths:1)
  4 ettin zombies
  8 black mamba zombies
  17 flying skulls
  2 hill giant zombies
  5 wraiths
  5 vampires
  A giant leech zombie (Swamp:5)
  3 raven zombies
  16 deep troll zombies
  A naga (Snake:5)
  4 salamander zombies
  23 human zombies
  A spiny frog zombie (Swamp:2)
  16 naga zombies
  An ogre (Vaults:4)
  2 elephant zombies (Lair:8)
  4 swamp dragon zombies (Swamp:5)
  A manticore zombie (D:15)
  A blink frog zombie (Lair:7)
  2 lost souls (Vaults:3)
  A fire crab zombie (Vaults:3)
  8 yaktaur zombies
  4 vampire mosquito zombies
  10 water moccasin zombies
  3 cyclops zombies
  2 hippogriff zombies (Lair:6)
  A spriggan zombie (Swamp:5)
  9 yak zombies
  A troll zombie (D:15)
  4 killer bee zombies
  3 giant frog zombies
  A yellow wasp zombie (Swamp:1)
  2 basilisk zombies
  3 two-headed ogre zombies
  11 elf zombies
  A bog body skeleton (Swamp:5)
  2 mottled dragon zombies
  A sky beast zombie (D:7)
  8 ogre zombies
  A hound zombie (Lair:4)
  A mummy (Bailey)
  3 worker ant zombies
  A steam dragon zombie (D:10)
  3 swamp drake zombies (Swamp:5)
  An ufetubus (WizLab)
  An iguana zombie (Lair:6)
  3 sheep zombies
  3 adder zombies
  An orc skeleton (D:11)
  2 bat skeletons
  2 bat zombies
  A green rat zombie (Lair:4)
  4 giant cockroach zombies
  A giant spore (D:11)
  5 gnoll zombies (Bailey)
  3 goblin zombies
  2 hobgoblin skeletons
  4 hobgoblin zombies
  A jackal skeleton (D:4)
  4 jackal zombies
  11 kobold zombies
  47 orc zombies
  2 quokka zombies
  A rat (D:7)
  4 rat zombies
  A briar patch (Swamp:5)
  10 fungi
  3 plants
400 creatures vanquished.

Grand Total: 2415 creatures vanquished
